PAA
NORTHVILLE ECLIPSE @ PHOENIX HOTSPUR YOUTH
09/06/2031
 
TOP OF THE 1ST
Northville Eclipse batting - Pitching for Phoenix Hotspur Youth : LHP José Santiago
Pitching: LHP José Santiago
Batting: RHB Alfonso Grappasonni 0-0: Swinging Strike
0-1: Ball
1-1: Ball
2-1: Fly out, F8 (Flyball, 8LM)
Batting: LHB Arturo Gonzáles 0-0: Ball
1-0: Ball
2-0: Foul Ball, location: 2F
2-1: Foul Ball, location: 2F
2-2: Ball
3-2: SOLO HOME RUN (Flyball, 9D), Distance : 368 ft
Batting: SHB Quentin Harrop 0-0: Fly out, F8 (Flyball, 8RD)
Batting: LHB Marvello Obra 0-0: Called Strike
0-1: Ball
1-1: Fly out, F9 (Flyball, 89D)
Top of the 1st over - 1 run, 1 hit, 0 errors, 0 left on base; Northville 1 - Phoenix Hotspur 0
BOTTOM OF THE 1ST
Phoenix Hotspur Youth batting - Pitching for Northville Eclipse : LHP Ricardo Fraga
Pitching: LHP Ricardo Fraga
Batting: RHB Juan Negrete 0-0: Ball
1-0: Ball
2-0: Ball
3-0: Called Strike
3-1: Base on Balls
Batting: LHB Tyler Kinjeketile 0-0: Called Strike
0-1: Ball
1-1: Fly out, F9 (Line Drive, 9)
Batting: RHB Sinfronio Vitor 0-0: Ball
1-0: Ball
2-0: Ball
3-0: Called Strike
3-1: Base on Balls
Juan Negrete to second
Batting: RHB Carl Tucker 0-0: Swinging Strike
0-1: Ball
1-1: Swinging Strike
1-2: Ball
2-2: Foul Ball, location: 2F
2-2: Strikes out looking
Batting: RHB James Turner 0-0: Called Strike
0-1: Ball
1-1: Fielders Choice at 2nd, 6-4 (Groundball, 6)
Bottom of the 1st over - 0 runs, 0 hits, 0 errors, 2 left on base; Northville 1 - Phoenix Hotspur 0
TOP OF THE 2ND
Northville Eclipse batting - Pitching for Phoenix Hotspur Youth : LHP José Santiago
Batting: RHB Chang-lit Min 0-0: Swinging Strike
0-1: Called Strike
0-2: Foul Ball, location: 2F
0-2: Ball
1-2: Ground out U3 (Groundball, 3)
Batting: LHB Lonnie Murray 0-0: Called Strike
0-1: Called Strike
0-2: Ball
1-2: Ball
2-2: Strikes out swinging
Batting: RHB Wallace Bane 0-0: Called Strike
0-1: Ball
1-1: Swinging Strike
1-2: Strikes out swinging
Top of the 2nd over - 0 runs, 0 hits, 0 errors, 0 left on base; Northville 1 - Phoenix Hotspur 0
BOTTOM OF THE 2ND
Phoenix Hotspur Youth batting - Pitching for Northville Eclipse : LHP Ricardo Fraga
Batting: RHB Bill Poole 0-0: Fly out, F9 (Flyball, 89M)
Batting: RHB Germán Alfaro 0-0: Ball
1-0: Called Strike
1-1: Called Strike
1-2: Strikes out swinging
Batting: LHB Damian Alldred 0-0: Swinging Strike
0-1: Foul Ball, location: 2F
0-2: Ball
1-2: Strikes out swinging
Bottom of the 2nd over - 0 runs, 0 hits, 0 errors, 0 left on base; Northville 1 - Phoenix Hotspur 0
TOP OF THE 3RD
Northville Eclipse batting - Pitching for Phoenix Hotspur Youth : LHP José Santiago
Batting: RHB Sidney Mackell 0-0: Ball
1-0: Called Strike
1-1: Foul Ball, location: 2F
1-2: Foul Ball, location: 2F
1-2: Strikes out swinging
Batting: RHB Juan León 0-0: Ball
1-0: Called Strike
1-1: Ball
2-1: Ball
3-1: Called Strike
3-2: Strikes out looking
Batting: RHB Alfonso Grappasonni 0-0: Foul Ball, location: 2F
0-1: Swinging Strike
0-2: Ball
1-2: Ball
2-2: Strikes out swinging
Top of the 3rd over - 0 runs, 0 hits, 0 errors, 0 left on base; Northville 1 - Phoenix Hotspur 0
BOTTOM OF THE 3RD
Phoenix Hotspur Youth batting - Pitching for Northville Eclipse : LHP Ricardo Fraga
Batting: LHB Joseph Antoine 0-0: Ball
1-0: Foul Ball, location: 2F
1-1: Fly out, F9 (Flyball, 9S)
Batting: RHB Juan Negrete 0-0: Called Strike
0-1: Ball
1-1: Ball
2-1: Foul Ball, location: 2F
2-2: Ball
3-2: Strikes out looking
Batting: LHB Tyler Kinjeketile 0-0: Ball
1-0: Foul Ball, location: 2F
1-1: Ball
2-1: Called Strike
2-2: Ball
3-2: Foul Ball, location: 2F
3-2: Base on Balls
Batting: RHB Sinfronio Vitor 0-0: Called Strike
0-1: Called Strike
0-2: Ball
1-2: SINGLE (Line Drive, 56)
Tyler Kinjeketile to second
Batting: RHB Carl Tucker 0-0: Swinging Strike
0-1: Ball
1-1: Ground out 4-3 (Groundball, 4)
Bottom of the 3rd over - 0 runs, 1 hit, 0 errors, 2 left on base; Northville 1 - Phoenix Hotspur 0
TOP OF THE 4TH
Northville Eclipse batting - Pitching for Phoenix Hotspur Youth : LHP José Santiago
Batting: LHB Arturo Gonzáles 0-0: Ball
1-0: Foul Ball, location: 2F
1-1: Ball
2-1: Ball
3-1: Swinging Strike
3-2: Ground out 5-3 (Groundball, 5)
Batting: SHB Quentin Harrop 0-0: Swinging Strike
0-1: Called Strike
0-2: Strikes out swinging
Batting: LHB Marvello Obra 0-0: Called Strike
0-1: Foul Ball, location: 2F
0-2: Ground out 5-3 (Groundball, 56)
Top of the 4th over - 0 runs, 0 hits, 0 errors, 0 left on base; Northville 1 - Phoenix Hotspur 0
BOTTOM OF THE 4TH
Phoenix Hotspur Youth batting - Pitching for Northville Eclipse : LHP Ricardo Fraga
Batting: RHB James Turner 0-0: SINGLE (Groundball, 3D)
Batting: RHB Bill Poole 0-0: Called Strike
0-1: Ball
James Turner steals 2nd base
1-1: Foul Ball, location: 2F
1-2: Foul Ball, location: 2F
1-2: Ball
2-2: Ball
3-2: Foul Ball, location: 2F
3-2: 2-RUN HOME RUN (Flyball, 7LD), Distance : 345 ft
Batting: RHB Germán Alfaro 0-0: Swinging Strike
0-1: SINGLE (Line Drive, 4M)
Batting: LHB Damian Alldred 0-0: Ball
1-0: Called Strike
1-1: Ball
2-1: Ball
3-1: Swinging Strike
3-2: Strikes out looking
Batting: LHB Joseph Antoine 0-0: Called Strike
0-1: Called Strike
Germán Alfaro steals 2nd base
0-2: Foul Ball, location: 2F
0-2: Ball
1-2: SINGLE (Line Drive, 78M)
Germán Alfaro to third
Runner from 3rd tries for Home, SAFE, no throw
Batting: RHB Juan Negrete 0-0: Called Strike
Joseph Antoine is caught stealing 2nd base
0-1: Ball
1-1: Foul Ball, location: 2F
1-2: Ball
2-2: Ball
3-2: Fly out, F6 (Popup, 6MS)
Bottom of the 4th over - 3 runs, 4 hits, 0 errors, 0 left on base; Northville 1 - Phoenix Hotspur 3
TOP OF THE 5TH
Northville Eclipse batting - Pitching for Phoenix Hotspur Youth : LHP José Santiago
Batting: RHB Chang-lit Min 0-0: Ball
1-0: Swinging Strike
1-1: Foul Ball, location: 2F
1-2: SINGLE (Line Drive, 9S)
Batting: LHB Lonnie Murray 0-0: Ball
1-0: Called Strike
1-1: Ball
2-1: Swinging Strike
2-2: Ball
3-2: Fly out, F7 (Flyball, 7LD)
Batting: RHB Wallace Bane 0-0: Ball
Chang-lit Min steals 2nd base
1-0: Ground out 5-3 (Groundball, 5)
Batting: RHB Sidney Mackell 0-0: Called Strike
0-1: Ball
1-1: Ball
2-1: Ball
3-1: Base on Balls
Batting: RHB Juan León 0-0: Ball
1-0: Called Strike
1-1: Ball
2-1: Called Strike
2-2: Strikes out swinging
Top of the 5th over - 0 runs, 1 hit, 0 errors, 2 left on base; Northville 1 - Phoenix Hotspur 3
BOTTOM OF THE 5TH
Phoenix Hotspur Youth batting - Pitching for Northville Eclipse : LHP Ricardo Fraga
Batting: LHB Tyler Kinjeketile 0-0: Ball
1-0: SINGLE (Line Drive, 8RS)
Batting: RHB Sinfronio Vitor 0-0: Ball
1-0: Foul Ball, location: 2F
1-1: Ball
2-1: Foul Ball, location: 2F
2-2: Ball
3-2: Strikes out swinging
Batting: RHB Carl Tucker 0-0: Ball
1-0: Ball
2-0: Called Strike
2-1: SINGLE (Groundball, 4MD)
Tyler Kinjeketile to second
Runner from 2nd tries for 3rd, SAFE, no throw
Batting: RHB James Turner 0-0: Called Strike
0-1: Ball
1-1: Ball
2-1: Ball
3-1: Base on Balls
Carl Tucker to second
Batting: RHB Bill Poole 0-0: Ball
1-0: Ball
2-0: Foul Ball, location: 2F
2-1: Ball
3-1: Base on Balls
Tyler Kinjeketile scores
Carl Tucker to third
James Turner to second
Batting: RHB Germán Alfaro 0-0: Ball
1-0: Ball
2-0: Called Strike
2-1: Ball
3-1: Base on Balls
Carl Tucker scores
James Turner to third
Bill Poole to second
Batting: LHB Damian Alldred 0-0: Called Strike
0-1: Called Strike
0-2: Ball
1-2: Strikes out swinging
Batting: LHB Joseph Antoine 0-0: Ball
1-0: SINGLE (Groundball, 4MD)
James Turner scores
Bill Poole to third
Germán Alfaro to second
Runner from 3rd tries for Home, SAFE, no throw
Pitching: RHP Ricardo Ramírez
Batting: RHB Juan Negrete 0-0: Ball
1-0: Ball
Wild Pitch!
Germán Alfaro to third
Joseph Antoine to second
2-0: Fly out, F8 (Flyball, 8LD)
Bottom of the 5th over - 4 runs, 3 hits, 0 errors, 2 left on base; Northville 1 - Phoenix Hotspur 7
TOP OF THE 6TH
Northville Eclipse batting - Pitching for Phoenix Hotspur Youth : LHP José Santiago
Batting: RHB Alfonso Grappasonni 0-0: Ball
1-0: Called Strike
1-1: Ball
2-1: Ball
3-1: Fly out, F8 (Line Drive, 8RM)
Batting: LHB Arturo Gonzáles 0-0: Swinging Strike
0-1: Ball
1-1: Ground out U3 (Groundball, 3)
Batting: SHB Quentin Harrop 0-0: Ball
1-0: Ball
2-0: Swinging Strike
2-1: Foul Ball, location: 2F
2-2: Foul Ball, location: 2F
2-2: Ball
3-2: Base on Balls
Batting: LHB Marvello Obra 0-0: Ball
1-0: Foul Ball, location: 2F
1-1: Ground out 4-3 (Groundball, 34D)
Top of the 6th over - 0 runs, 0 hits, 0 errors, 1 left on base; Northville 1 - Phoenix Hotspur 7
BOTTOM OF THE 6TH
Phoenix Hotspur Youth batting - Pitching for Northville Eclipse : RHP Ricardo Ramírez
Batting: LHB Tyler Kinjeketile 0-0: Ball
1-0: Called Strike
1-1: Foul Ball, location: 2F
1-2: Foul Ball, location: 2F
1-2: Ball
2-2: Fly out, F6 (Popup, 6D)
Batting: RHB Sinfronio Vitor 0-0: Ball
1-0: Swinging Strike
1-1: Called Strike
1-2: Strikes out swinging
Batting: RHB Carl Tucker 0-0: Called Strike
0-1: Fly out, F8 (Flyball, 8RS)
Bottom of the 6th over - 0 runs, 0 hits, 0 errors, 0 left on base; Northville 1 - Phoenix Hotspur 7
TOP OF THE 7TH
Northville Eclipse batting - Pitching for Phoenix Hotspur Youth : LHP José Santiago
Batting: RHB Chang-lit Min 0-0: Called Strike
0-1: Ball
1-1: Fly out, F4 (Line Drive, 4)
Batting: LHB Lonnie Murray 0-0: Ball
1-0: Ground out 6-3 (Groundball, 6)
Batting: RHB Wallace Bane 0-0: Foul Ball, location: 2F
0-1: Swinging Strike
0-2: Ball
1-2: Strikes out looking
Top of the 7th over - 0 runs, 0 hits, 0 errors, 0 left on base; Northville 1 - Phoenix Hotspur 7
BOTTOM OF THE 7TH
Phoenix Hotspur Youth batting - Pitching for Northville Eclipse : RHP Ricardo Ramírez
Batting: RHB James Turner 0-0: Ball
1-0: Foul Ball, location: 2F
1-1: Fly out, F9 (Flyball, 89S)
Batting: RHB Bill Poole 0-0: Ball
1-0: Swinging Strike
1-1: Swinging Strike
1-2: Single, Error in OF, E9, batter to second base
Batting: RHB Germán Alfaro 0-0: Ball
1-0: Called Strike
1-1: Ball
2-1: Foul Ball, location: 2F
2-2: Strikes out swinging
Batting: LHB Damian Alldred 0-0: Ball
1-0: Swinging Strike
1-1: Foul Ball, location: 2F
1-2: Ball
2-2: Fly out, F7 (Flyball, 7S)
Bottom of the 7th over - 0 runs, 1 hit, 1 error, 1 left on base; Northville 1 - Phoenix Hotspur 7
TOP OF THE 8TH
Northville Eclipse batting - Pitching for Phoenix Hotspur Youth : LHP José Santiago
Batting: RHB Sidney Mackell 0-0: Called Strike
0-1: Ball
1-1: Fly out, F8 (Flyball, 89M)
Batting: RHB Juan León 0-0: Swinging Strike
0-1: Ball
1-1: Called Strike
1-2: SOLO HOME RUN (Flyball, 9D), Distance : 370 ft
Batting: RHB Alfonso Grappasonni 0-0: Called Strike
0-1: Hit by Pitch
Pitching: LHP Wei-qian Chieu
Batting: LHB Arturo Gonzáles 0-0: Ground out 3-1 (Groundball, 3S)
Alfonso Grappasonni to second
Batting: SHB Quentin Harrop 0-0: Ball
1-0: Swinging Strike
1-1: Ball
Wild Pitch!
Alfonso Grappasonni to third
2-1: Foul Ball, location: 2F
2-2: Strikes out looking
Top of the 8th over - 1 run, 1 hit, 0 errors, 1 left on base; Northville 2 - Phoenix Hotspur 7
BOTTOM OF THE 8TH
Phoenix Hotspur Youth batting - Pitching for Northville Eclipse : RHP Ricardo Ramírez
Batting: LHB Joseph Antoine 0-0: Called Strike
0-1: Swinging Strike
0-2: Ball
1-2: Strikes out swinging
Batting: RHB Juan Negrete 0-0: Fly out, F7 (Flyball, 7S)
Batting: LHB Tyler Kinjeketile 0-0: Ball
1-0: Foul Ball, location: 2F
1-1: Ball
2-1: Swinging Strike
2-2: Ball
3-2: Foul Ball, location: 2F
3-2: Foul Ball, location: 2F
3-2: Foul Ball, location: 2F
3-2: Foul Ball, location: 2F
3-2: SINGLE (Line Drive, 56D)
Batting: RHB Sinfronio Vitor 0-0: Called Strike
0-1: Ball
1-1: Ball
2-1: Foul Ball, location: 2F
2-2: Ball
3-2: Foul Ball, location: 2F
3-2: SINGLE (Line Drive, 7LM)
Tyler Kinjeketile to second
Tyler Kinjeketile to third
Batting: RHB Carl Tucker 0-0: Reached on error, E6 (Groundball, 6)
Tyler Kinjeketile scores
Sinfronio Vitor to second
Batting: RHB James Turner 0-0: Ground out 4-3 (Groundball, 34)
Bottom of the 8th over - 1 run, 2 hits, 1 error, 2 left on base; Northville 2 - Phoenix Hotspur 8
TOP OF THE 9TH
Northville Eclipse batting - Pitching for Phoenix Hotspur Youth : LHP Wei-qian Chieu
Batting: LHB Marvello Obra 0-0: Ball
1-0: Called Strike
1-1: Called Strike
1-2: Ball
2-2: Foul Ball, location: 2F
2-2: Strikes out looking
Batting: RHB Chang-lit Min 0-0: Ball
1-0: Ball
2-0: Called Strike
2-1: Called Strike
2-2: Ground out 4-3 (Groundball, 4D)
Batting: LHB Lonnie Murray 0-0: Swinging Strike
0-1: Fly out, F8 (Flyball, 8LS)
Top of the 9th over - 0 runs, 0 hits, 0 errors, 0 left on base; Northville 2 - Phoenix Hotspur 8
Tuesday, June 12th, 2018 - OOTP Baseball 18.8 Build 76